 Dungeon Crawl Stone Soup version 0.26-a0-800-g517d6fe721 (webtiles) character file.

Game seed: 17771736210036675827

2413 Froggeryz the Martial Artist (level 9, 0/70 HPs)
             Began as a Naga Transmuter on Nov 11, 2020.
             Was a Priest of Cheibriados.
             Slain by Harold
             ... wielding a +0 glaive
              (24 damage)
             ... on level 7 of the Dungeon.
             The game lasted 00:13:35 (7802 turns).

Froggeryz the Martial Artist (Naga Transmuter)      Turns: 7802, Time: 00:13:35

Health: 0/70       AC:  2    Str: 22    XL:     9   Next: 47%
Magic:  9/12       EV: 19    Int: 27    God:    Cheibriados [***...]
Gold:   457        SH:  0    Dex: 26    Spells: 4/12 levels left

rFire    . . .     SeeInvis +     - Unarmed
rCold    . . .     Faith    .   (shield currently unavailable)
rNeg     . . .     Spirit   .   (armour currently unavailable)
rPois    x         Reflect  .   (helmet currently unavailable)
rElec    .         Harm     .   (cloak currently unavailable)
rCorr    +         Rampage  .   (gloves currently unavailable)
MR       +....                  (no barding)
Stlth    ++........             f - amulet of the acrobat
HPRegen  0.21/turn              e - ring of resist corrosion
MPRegen  0.13/turn              s - +6 ring of intelligence

@: short of breath, spider-form, very slow
A: tiny, see invisible, spit poison 2, strong 1, AC +3
a: Breathe Poison Gas, End Transformation, Bend Time, Temporal Distortion,
Renounce Religion


You were on level 7 of the Dungeon.
You worshipped Cheibriados.
Cheibriados was most pleased with you.
You were a venomous arachnid creature.
You visited 2 branches of the dungeon, and saw 8 of its levels.

You collected 457 gold pieces.

Inventory:

Armour
 a - a +0 robe (melded)
 k - a +1 cloak (melded)
Jewellery
 e - a ring of resist corrosion (left front leg)
 f - an amulet of the acrobat (around neck)
 s - a +6 ring of intelligence (right front leg)
Wands
 o - a wand of iceblast (7)
Scrolls
 c - 3 scrolls of identify
 d - 3 scrolls of fog
 h - a scroll of amnesia
 j - 3 scrolls of remove curse
 l - a scroll of brand weapon {unknown}
 n - a scroll of teleportation
 r - a scroll of magic mapping {unknown}
 t - a scroll of blinking {unknown}
Potions
 b - a potion of might
 g - 3 potions of curing
 i - a potion of heal wounds
 m - 2 potions of mutation
 p - a potion of attraction
 q - 3 potions of lignification


   Skills:
 - Level 1.0 Fighting
 - Level 1.5 Dodging
 * Level 9.9 Unarmed Combat
 - Level 2.0 Spellcasting
 + Level 6.8 Transmutations
 - Level 4.2 Ice Magic
 - Level 2.1 Poison Magic


You had 4 spell levels left.
You knew the following spells:

 Your Spells              Type           Power        Failure   Level
a - Beastly Appendage     Tmut           #####.       3%          1
b - Spider Form           Tmut/Pois      ####......   14%         3
c - Ice Form              Ice/Tmut       ####....     24%         4

Your spell library contained the following spells:

 Spells                   Type           Power        Failure   Level
 Wereblood                Tmut           #####...     4%          2
 Blade Hands              Tmut           #####.....   34%         5


Dungeon Overview and Level Annotations

Branches:
Dungeon (7/15)             Temple (1/1) D:4

Altars:
Ashenzari
Cheibriados
Dithmenos
Elyvilon
Fedhas
Gozag
Hepliaklqana
Kikubaaqudgha
Makhleb
Nemelex Xobeh
Okawaru
Qazlal
Sif Muna
Trog
Wu Jian
Xom
Yredelemnul
Zin
The Shining One

Shops:
D:7 [

Annotations:
D:7 1 runed translucent door, Harold; fasse2k's ghost, novice GnFi


Innate Abilities, Weirdness & Mutations

You cannot wear boots.
((Your serpentine skin is tough. (AC +3)))
You have supernaturally acute eyesight. (SInv)
((Armour fits poorly on your strangely shaped body.))
((Your system is resistant to poisons. (rPois)))
((You cover ground very slowly.))
You can exhale a cloud of poison.
Your muscles are strong. (Str +2)


Message History

You completely miss the orc. You headbutt the orc!
You kill the orc!
Cheibriados appreciates the change of pace.
Harold hits you from afar with a +0 glaive!
Casting: Beastly Appendage (safe; 1% risk of failure)
Confirm with . or Enter, or press ? or * to list all spells.
Your horns disappear.
You turn into a venomous arachnid creature.
Your +1 cloak melds into your body.
Your +0 robe melds into your body.
Harold misses you.
Harold zaps a wand.
You shrug off the repeated paralysis!
You hit Harold but do no damage.
Harold is heavily wounded.
Harold hits you with a +0 glaive.
You bite Harold!
Harold looks as sick as possible!
Harold is severely wounded.
You bite Harold!
Harold looks as sick as possible!
Harold is severely wounded.
Harold hits you with a +0 glaive!!
You die...

#.÷...#.........#####......>#
....).......................#
.####........#......#.......#
. #####......#......####### .
##.......##+### .
#.......#W/$# ###)....#♣8♣#
#(....#### . ###..s##....
#.....@))....
....$##)###..... ##### ...
.... #.... ..[ #..... ##
#######


You could see Harold (extremely poisoned).

Vanquished Creatures
  Pikel (D:4)
  2 sky beasts
  An orc warrior (D:6)
  3 phantoms
  2 ogres
  A centaur (D:6)
  2 lemures (D:4)
  A big kobold (D:5)
  A bullfrog (D:3)
  A gnoll sergeant (D:7)
  5 scorpions
  3 hounds
  2 orc wizards
  Crazy Yiuf (D:5)
  5 orc priests
  An iguana (D:4)
  Ijyb (D:3)
  4 worker ants
  4 gnolls (D:7)
  A river rat (D:5)
  5 adders
  A shadow imp (D:6)
  2 white imps
  3 worms
  A dart slug (D:1)
  5 leopard geckos
  28 orcs
  6 giant cockroaches
  4 goblins
  9 hobgoblins
  8 jackals
  3 quokkas
  7 bats
  5 frilled lizards
  14 kobolds
  7 rats
150 creatures vanquished.

Notes
Turn   | Place    | Note
-------+----------+-------------------------------------------
     0 | D:1      | Froggeryz the Naga Transmuter began the quest for the Orb.
     0 | D:1      | Reached XP level 1. HP: 18/18 MP: 3/3
   532 | D:1      | Reached XP level 2. HP: 25/25 MP: 5/5
  1106 | D:2      | Reached XP level 3. HP: 31/31 MP: 4/6
  1564 | D:2      | Reached skill level 4 in Unarmed Combat
  1564 | D:2      | Reached XP level 4. HP: 33/38 MP: 4/7
  2510 | D:2      | Found a faded altar of an unknown god.
  2895 | D:3      | Reached XP level 5. HP: 44/44 MP: 6/8
  2906 | D:3      | Reached skill level 5 in Unarmed Combat
  2994 | D:3      | Gained mutation: You can exhale a cloud of poison. [potion
                  | of mutation]
  2994 | D:3      | Gained mutation: Your muscles are strong. (Str +2) [potion
                  | of mutation]
  3397 | D:3      | Noticed Ijyb
  3414 | D:3      | Killed Ijyb
  3491 | D:3      | Reached XP level 6. HP: 46/51 MP: 9/9
  3497 | D:3      | Learned a level 3 spell: Spider Form
  3991 | D:4      | Found a staircase to the Ecumenical Temple.
  4036 | Temple   | Entered the Ecumenical Temple
  4050 | Temple   | Became a worshipper of Cheibriados the Contemplative
  4113 | D:4      | Noticed a phantom
  4113 | D:4      | Noticed a phantom
  4179 | D:4      | Killed a phantom
  4179 | D:4      | Reached skill level 6 in Unarmed Combat
  4179 | D:4      | Reached skill level 1 in Poison Magic
  4240 | D:4      | Killed a phantom
  4247 | D:4      | Learned a level 4 spell: Ice Form
  4389 | D:4      | Reached XP level 7. HP: 54/57 MP: 10/10
  4426 | D:4      | Found a shimmering blue altar of Sif Muna.
  4892 | D:4      | Noticed Pikel
  4898 | D:4      | Killed Pikel
  4898 | D:4      | Reached skill level 7 in Unarmed Combat
  4898 | D:4      | Reached skill level 5 in Transmutations
  4898 | D:4      | Reached XP level 8. HP: 64/64 MP: 9/11
  5063 | D:5      | Entered Level 5 of the Dungeon
  5181 | D:5      | Reached skill level 8 in Unarmed Combat
  5210 | D:5      | Found a runed translucent door.
  5326 | D:5      | Reached * piety under Cheibriados
  5491 | D:5      | Found a glowing golden altar of the Shining One.
  5930 | D:5      | Noticed Crazy Yiuf
  5937 | D:5      | Killed Crazy Yiuf
  6567 | D:6      | Reached XP level 9. HP: 53/70 MP: 12/12
  6576 | D:6      | Reached ** piety under Cheibriados
  6751 | D:6      | Reached skill level 9 in Unarmed Combat
  7358 | D:7      | Found a basalt altar of Yredelemnul.
  7393 | D:7      | Reached *** piety under Cheibriados
  7727 | D:7      | Found Binokhlio's Antique Armour Shop.
  7761 | D:7      | Found a runed translucent door.
  7761 | D:7      | Noticed fasse2k's ghost (novice GnFi)
  7788 | D:7      | Noticed Harold
  7791 | D:7      | Paralysed by Harold for 6 turns
  7802 | D:7      | Slain by Harold

Illustrated notes

Levels and vault maps discovered:
D:1:      minmay_arrival_semitransparent, layout_basic
D:2:      layout_loops_ring, chequers_ecumenical_altar_grove, minivault_27
D:3:      layout_basic, uniq_ijyb
D:4:      cheibrodos_helix_gallery, layout_rooms, temple_fountains,
          serial_glass, glass_columns_a, glass_columns_a, glass_columns_c,
          glass_columns_a, glass_columns_a, glass_columns_a, glass_columns_b,
          glass_columns_a, glass_columns_c, glass_columns_a, glass_columns_c,
          glass_columns_b, glass_columns_b, glass_columns_c,
          kennysheep_small_circle, uniq_pikel
D:5:      cheibrodos_thug_alley, layout_cave_pools,
          nicolae_tso_carved_into_rock, gup_sewer_entry_bowl,
          minmay_door_square, uniq_crazy_yiuf_cottage
D:6:      layout_basic
D:7:      cheibrodos_two_vegetables, layout_rooms, serial_shops,
          nicolae_shop_temple_entry_statues_fountains, basic_altar,
          gammafunk_ghost_grave, serial_park_tiny_1, uniq_harold
Temple:   dpeg_three_leaves_temple

Skill      XL: |  1  2  3  4  5  6  7  8  9 |
---------------+----------------------------+-----
Unarmed Combat | 4 5 6 7 8 9 |  9.9
Transmutations | 3 4 5 6 |  6.8
Poison Magic   | 2 |  2.1
Ice Magic      | 2 4 |  4.2
Fighting       | |  1.0
Dodging        | |  1.5
Spellcasting   | |  2.0

Action                   |  1- 3 |  4- 6 |  7- 9 || total
-------------------------+-------+-------+-------++-------
Melee: Unarmed           |    48 |   130 |   193 ||   371
       Punch             |     2 |     1 |     3 ||     6
       Headbutt          |     3 |    13 |    13 ||    29
 Cast: Beastly Appendage |     7 |    17 |    11 ||    35
       Spider Form       |       |       |     3 ||     3
 Abil: Spit Poison       |    17 |    21 |       ||    38
       Breathe Poison Ga |       |     9 |    21 ||    30
  Use: Potion            |       |     3 |     1 ||     4
       Scroll            |       |       |    11 ||    11
 Stab: Distracted        |       |     1 |       ||     1
Armor: Robe              |     6 |    34 |    34 ||    74
       Skin              |       |       |     1 ||     1
Dodge: Dodged            |    32 |    61 |   119 ||   212

Table legend: (Time is in decaauts)
 A = Elapsed time spent in this place.
 B = Non-inter-level travel time spent in this place.
 C = Inter-level travel time spent in this place.
 D = Time resting spent in this place.
 E = Time spent auto-exploring this place.
 F = Levels seen in this place.
 G = Mean time per level.
                   A        B        C        D        E       F      G
               +--------+--------+--------+--------+--------+-----+--------+
         Total |  10350 |  10117 |    233 |   1527 |   6641 |   8 | 1293.8 |
       Dungeon |  10311 |  10078 |    233 |   1527 |   6641 |   7 | 1473.0 |
        Temple |     38 |     38 |      0 |      0 |      0 |   1 |   38.0 |
               +--------+--------+--------+--------+--------+-----+--------+

Top non-repeatable levels by time:
     D:6: 1856 daAuts
     D:5: 1708 daAuts
     D:3: 1650 daAuts
     D:1: 1552 daAuts
     D:2: 1496 daAuts
     D:4: 1405 daAuts
     D:7: 643 daAuts
  Temple: 38 daAuts
